Map: 强酸工厂 - 天梯版

Players

TIME (Oliveira)

  • Race: Terran Terran
  • Spawn Location: 11:00

INnoVation - Winner!

  • Race: Terran Terran
  • Spawn Location: 5:00

Event: 2018 Hangzhou StarCraft Carnival

VOD

Have the link to the VOD?

Description

Time

  • Played on: April 29, 2018, 1:30 a.m.
  • Length: 15:08

All games in this series

Show
View Real Time Build Order
Export as new Build Order

TIME Terran 

Build Orders: Cyclone Opening, MMM Bio 

Get SALT Encoding   

  12  0:01  SCV  
  13  0:13  SCV  
  14  0:17  Supply Depot  
  14  0:25  SCV  
  15  0:30  Refinery  
  15  0:39  SCV  
  16  0:44  Barracks  
  16  0:51  SCV  
  16  0:56  Refinery  
  17  1:03  SCV  
  18  1:15  SCV  
  19  1:31  Reaper, Orbital Command  
  20  1:35  Factory  
  20  1:43  Supply Depot  
  20  1:58  SCV  
  21  2:03  Reaper  
  22  2:10  SCV  
  23  2:20  Hellion  
  23  2:22  SCV  
  26  2:27  Command Center  
  26  2:34  SCV  
  26  2:36  Barracks Reactor  
  27  2:41  Cyclone  
  30  2:50  SCV, Supply Depot  
  30  3:07  SCV  
  31  3:19  SCV  
  32  3:22  Cyclone x2  
  32  3:26  Barracks Tech Lab  
  38  3:31  SCV  
  39  3:39  Orbital Command  
  39  3:43  SCV  
  39  3:54  Cyclone  
  40  3:55  Cyclone  
  40  3:57  SCV  
  41  4:05  SCV  
  41  4:09  SCV  
  43  4:16  Command Center, Engineering Bay  
  43  4:17  SCV  
  43  4:22  Stimpack  
  43  4:23  SCV  
  45  4:29  SCV  
  46  4:35  SCV, Factory Reactor  
  46  4:36  Marine, Supply Depot  
  48  4:42  Missile Turret  
  48  4:46  Barracks  
  48  4:48  SCV  
  48  4:49  SCV  
  50  4:56  Barracks  
  50  4:58  Marine  
  51  5:00  SCV  
  51  5:01  SCV  
  53  5:12  SCV, Missile Turret  
  53  5:13  SCV  
  55  5:16  Marine  
  55  5:19  Bunker  
  56  5:23  Engineering Bay  
  56  5:24  SCV  
  56  5:25  SCV  
  58  5:28  Refinery  
  58  5:29  Refinery, Orbital Command  
  58  5:34  Marine x3  
  61  5:36  Terran Infantry Weapons Level 1, SCV  
  61  5:38  SCV  
  61  5:40  Factory Reactor, Starport  
  63  5:44  Supply Depot  
  63  5:49  SCV  
  64  5:50  Marine x2  
  64  5:52  Marine  
  64  5:53  Marine x2, SCV  
  64  5:54  Terran Infantry Armor Level 1  
  70  6:01  SCV  
  71  6:05  Supply Depot  
  71  6:06  SCV  
  71  6:07  Orbital Command  
  71  6:08  Marine  
  71  6:10  Supply Depot  
  73  6:13  SCV, Marine x2  
  73  6:14  Marine  
  73  6:15  Marine  
  77  6:18  SCV  
  77  6:22  Factory Tech Lab  
  77  6:23  Medivac x2, Combat Shields  
  77  6:25  SCV  
  83  6:27  Marine  
  83  6:31  SCV, Marine x2  
  87  6:33  Marine  
  87  6:34  Supply Depot  
  87  6:35  SCV  
  87  6:37  Marine, SCV  
  91  6:40  Supply Depot  
  91  6:45  Siege Tank  
  94  6:49  SCV x2  
  94  6:50  Marine  
  94  6:52  Medivac  
  94  6:53  Medivac  
  101  6:55  Marine x2, Supply Depot  
  101  6:59  SCV, Marine  
  102  7:03  Supply Depot  
  102  7:08  Marine  
  102  7:11  Marine  
  102  7:13  SCV  
  102  7:14  SCV  
  106  7:17  Armory, Barracks  
  106  7:18  Barracks  
  106  7:20  Supply Depot  
  106  7:21  Marine, Siege Tank  
  110  7:22  Marine  
  110  7:24  Marine  
  110  7:25  Medivac  
  110  7:26  Medivac  
  116  7:30  SCV  
  116  7:31  Refinery x2  
  117  7:38  Marine  
  117  7:41  SCV  
  118  7:52  Marine  
  118  7:53  Marine, Siege Tank  
  118  7:55  Medivac  
  118  7:56  Marine x2  
  118  7:58  Medivac  
  118  8:02  Marine  
  99  8:08  Liberator  
  99  8:10  Marine  
  99  8:11  Marine  
  88  8:14  Marine x2  
  87  8:20  SCV, Marine  
  87  8:23  Barracks Reactor x2  
  87  8:25  SCV  
  90  8:28  Marine  
  90  8:29  Marine  
  90  8:32  Marine  
  90  8:33  Marine  
  84  8:34  Viking  
  84  8:35  Siege Tank  
  84  8:38  Marine  
  84  8:40  SCV  
  84  8:41  SCV  
  85  8:46  Marine  
  86  8:48  Marine  
  86  8:53  SCV  
  86  8:54  SCV, Orbital Command  
  83  8:56  Terran Infantry Weapons Level 2  
  83  8:57  Marine x2  
  83  8:58  Marine  
  83  9:00  Marine  
  83  9:01  Marine x2  
  89  9:03  Marine  
  89  9:04  Marine, Viking  
  89  9:05  SCV  
  89  9:06  Marine, SCV  
  89  9:09  Siege Tank  
  98  9:15  Marine x2  
  102  9:17  SCV  
  102  9:18  Marine, SCV  
  102  9:20  SCV  
  102  9:23  Marine, Refinery  
  106  9:24  Marine x2  
  106  9:25  Refinery  
  106  9:26  Terran Infantry Armor Level 2  
  106  9:29  Marine, SCV  
  109  9:33  Marine x2  
  109  9:35  SCV x2  
  113  9:39  Marine x2  
  113  9:41  SCV  
  113  9:43  Marine x2, Missile Turret  
  113  9:44  Siege Tank  
  120  9:47  SCV  
  101  9:54  Marine  
  101  9:55  SCV  
  101  9:56  Marine, SCV  
  101  9:57  Marine  
  101  9:59  Marine x2, SCV  
  100  10:02  Marine  
  100  10:04  Marine x2  
  103  10:07  SCV  
  103  10:09  SCV, Marine, Viking x2  
  103  10:12  SCV  
  111  10:17  Marine x3  
  111  10:19  Marine, SCV  
  111  10:20  Marine  
  111  10:21  SCV  
  118  10:23  Siege Tank  
  118  10:24  SCV  
  118  10:26  Marine x2  
  122  10:28  Marine x2  
  122  10:32  SCV  
  122  10:33  SCV  
  122  10:34  Marine  
  122  10:35  Marine  
  128  10:36  SCV  
  128  10:37  Marine  
  128  10:40  Marine  
  128  10:41  Marine  
  125  10:44  Marine, SCV  
  125  10:45  Marine  
  125  10:46  SCV  
  125  10:48  Marine, SCV, Medivac  
  125  10:49  Marine  
  125  10:50  Medivac  
  125  10:54  Marine  
  125  10:55  Marine x2  
  125  10:56  SCV, Factory Tech Lab  
  111  10:58  SCV, Marine  
  111  11:01  Marine  
  115  11:04  Missile Turret  
  115  11:06  Marine, Missile Turret  
  115  11:08  Marine, SCV  
  115  11:10  Marine  
  112  11:12  Marine  
  112  11:13  Marine  
  112  11:15  Marine  
  112  11:16  Siege Tank  
  116  11:22  Factory  
  116  11:24  Supply Depot  
  116  11:28  Sensor Tower  
  116  11:29  Terran Infantry Weapons Level 3  
  116  11:30  Liberator x2  
  115  11:33  Marine  
  115  11:36  Marine x3  
  118  11:40  Marine  
  119  11:49  Marine x3  
  128  11:58  Marine  
  128  11:59  Siege Tank  
  133  12:02  Terran Infantry Armor Level 3  
  133  12:04  Terran Vehicle Weapons Level 1  
  133  12:09  Marine  
  133  12:12  Supply Depot  
  133  12:13  Supply Depot  
  133  12:14  Factory Tech Lab  
  133  12:22  Marine  
  133  12:23  Marine  
  133  12:29  Marine  
  104  12:30  Marine  
  104  12:31  Marine  
  104  12:32  Marine  
  104  12:34  Marine x2  
  104  12:35  Marine  
  99  12:39  Siege Tank  
  99  12:40  Marine x2  
  104  12:46  Marine  
  104  12:48  Marine  
  104  12:49  Viking x2  
  110  12:52  Siege Tank  
  110  12:55  Marine  
  110  12:59  Marine  
  110  13:00  Marine x3  
  110  13:02  Marine  
  110  13:03  Marine  
  110  13:04  Marine  
  112  13:06  Marine  
  109  13:13  Marine  
  109  13:14  Siege Tank  
  109  13:17  Marine  
  109  13:18  Marine x3  
  117  13:25  Siege Tank, Orbital Command  
  120  13:30  Marine  
  121  13:35  Marine x2, Starport Reactor  
  121  13:39  Marine x2  
  125  13:42  Marine  
  125  13:43  Marine  
  125  13:46  Marine  
  126  14:12  Supply Depot x2  
  126  14:13  Supply Depot  
  126  14:14  Supply Depot  
  126  14:21  Supply Depot x2  
  126  14:34  Marine x4  
  126  14:35  Marine, Siege Tank  
  137  14:39  Marine  
  137  14:42  Marine  
  137  14:43  Marine x2  
Show
View Real Time Build Order
Export as new Build Order

INnoVation Terran - Winner!

Build Orders: Cyclone Opening, MMM Bio 

Get SALT Encoding   

  12  0:00  SCV  
  13  0:12  SCV  
  14  0:17  Supply Depot  
  14  0:24  SCV  
  14  0:27  Refinery  
  15  0:38  SCV  
  16  0:44  Barracks  
  16  0:50  SCV  
  16  0:54  Refinery  
  17  1:02  SCV  
  18  1:15  SCV  
  19  1:31  Orbital Command  
  19  1:32  Factory  
  19  1:34  Reaper  
  20  1:43  Supply Depot  
  20  1:56  SCV  
  21  2:06  Reaper  
  22  2:08  SCV  
  25  2:16  Hellion  
  25  2:23  Command Center  
  25  2:26  SCV  
  26  2:37  Cyclone  
  29  2:39  Barracks Reactor  
  29  2:41  SCV  
  30  2:45  Supply Depot  
  30  2:54  Starport  
  30  2:57  SCV  
  29  3:09  SCV, Factory Tech Lab  
  30  3:16  Marine x2  
  32  3:22  SCV  
  33  3:34  Marine, SCV  
  33  3:35  Marine, Banshee  
  33  3:37  Orbital Command  
  39  3:44  Cyclone  
  39  3:49  SCV  
  39  3:55  Marine x2  
  41  4:01  SCV  
  42  4:03  SCV  
  42  4:07  Supply Depot  
  43  4:13  Marine x2  
  43  4:16  SCV x2  
  47  4:18  Raven, Factory Tech Lab  
  49  4:28  SCV x2  
  49  4:30  Supply Depot  
  49  4:31  Marine x2  
  53  4:39  Siege Tank  
  53  4:40  SCV x2  
  58  4:49  Marine x2  
  58  4:51  Command Center  
  60  4:53  SCV  
  60  4:54  SCV  
  62  5:01  Refinery  
  62  5:02  Refinery  
  62  5:08  SCV x2  
  62  5:14  Starport Reactor  
  67  5:15  Stimpack  
  67  5:20  SCV x2  
  66  5:24  Barracks  
  66  5:25  Barracks  
  66  5:27  Supply Depot  
  66  5:31  Factory Tech Lab  
  66  5:32  SCV  
  66  5:33  SCV  
  68  5:36  Engineering Bay  
  68  5:37  Engineering Bay  
  68  5:42  Marine  
  68  5:45  SCV  
  68  5:48  SCV  
  71  5:57  SCV  
  72  5:59  Starport Reactor  
  72  6:00  Marine, SCV  
  72  6:03  Siege Tank  
  77  6:04  Orbital Command  
  77  6:05  Terran Infantry Weapons Level 1, Terran Infantry Armor Level 1  
  77  6:10  SCV  
  78  6:11  Marine  
  78  6:12  Marine, SCV  
  81  6:19  Marine x3  
  81  6:22  SCV  
  81  6:25  SCV  
  86  6:27  Supply Depot  
  86  6:28  Supply Depot  
  86  6:29  Marine  
  86  6:32  Marine  
  88  6:36  Marine  
  88  6:37  Marine x2, Medivac  
  93  6:44  SCV  
  93  6:49  Marine, SCV x2, Siege Tank, Medivac  
  93  6:50  Supply Depot  
  93  6:53  Supply Depot  
  101  6:56  Marine x4  
  101  6:59  SCV  
  105  7:01  SCV x2  
  105  7:07  Marine  
  108  7:09  Armory  
  108  7:12  Medivac  
  111  7:15  SCV, Combat Shields  
  111  7:16  SCV, Supply Depot  
  111  7:17  Supply Depot  
  111  7:19  SCV, Medivac  
  117  7:29  Barracks  
  117  7:31  Barracks  
  117  7:33  Marine x5  
  120  7:42  Medivac  
  118  7:49  Medivac  
  118  7:51  Marine x3  
  111  7:55  SCV  
  97  8:06  Marine x2  
  97  8:07  SCV  
  97  8:08  Marine x2  
  97  8:09  Marine  
  101  8:25  Barracks Reactor x2  
  101  8:26  SCV  
  102  8:27  Terran Infantry Weapons Level 2, Terran Infantry Armor Level 2  
  102  8:30  Marine x4  
  104  8:38  Marine  
  102  8:42  Orbital Command  
  102  8:44  SCV  
  102  8:48  Marine x4  
  99  8:57  SCV  
  99  9:00  Marine x2, Medivac  
  99  9:01  Marine  
  77  9:02  Medivac  
  105  9:04  Marine x2  
  105  9:06  Marine  
  105  9:07  Marine  
  105  9:08  Marine  
  109  9:11  Marine  
  107  9:17  Marine  
  107  9:18  Marine  
  107  9:19  Marine  
  107  9:22  Marine  
  111  9:25  Marine x3  
  111  9:26  Marine  
  111  9:30  Factory  
  115  9:32  Marine  
  115  9:36  Marine  
  115  9:37  Marine x2  
  106  9:55  Marine x5  
  100  10:00  Medivac x2  
  100  10:02  Marine x4  
  106  10:12  Marine  
  107  10:14  Siege Tank  
  107  10:18  Command Center  
  110  10:22  Marine x4  
  114  10:31  Marine x3  
  106  10:40  Marine  
  105  10:43  Marine  
  105  10:45  Medivac  
  105  10:46  Medivac  
  105  10:47  Siege Tank  
  105  10:49  Marine  
  109  10:50  Marine x6  
  93  10:58  Marine  
  93  11:01  Marine  
  91  11:07  Marine x2  
  91  11:08  Marine x5  
  90  11:16  Marine  
  90  11:17  Terran Infantry Weapons Level 3  
  89  11:18  Marine  
  89  11:19  Terran Infantry Armor Level 3  
  89  11:25  Marine x4  
  90  11:31  Medivac  
  96  11:35  Medivac  
  98  11:41  Siege Tank  
  98  11:46  Marine x3  
  104  11:49  Marine  
  104  11:52  Orbital Command  
  105  11:56  Marine x2  
  107  12:03  Medivac  
  107  12:05  Marine x2, Medivac  
  107  12:07  Marine  
  107  12:08  Marine  
  115  12:18  SCV x3  
  115  12:19  Sensor Tower  
  115  12:22  Siege Tank  
  121  12:23  Marine  
  121  12:28  Marine x3  
  99  12:30  Marine  
  99  12:36  Marine  
  86  12:44  Medivac x2  
  86  12:47  Marine  
  86  12:48  Marine x5  
  94  12:55  Siege Tank  
  97  13:02  Marine x3  
  97  13:05  Marine x2  
  97  13:06  Marine x3  
  97  13:12  Marine  
  102  13:16  Medivac  
  102  13:18  Medivac  
  106  13:20  Marine x3  
  106  13:23  Marine x3  
  112  13:29  Marine x2  
  117  13:34  Marine  
  117  13:37  Marine  
  117  13:38  Marine  
  120  13:45  Marine x2  
  120  13:46  Medivac  
  124  13:48  Medivac  
  126  13:58  Marine x2  
  126  14:02  Command Center, Siege Tank  
  128  14:08  Marine x2  
  128  14:09  Marine x2  
  132  14:14  Marine x3  
  135  14:20  Marine  
  135  14:21  Marine  
  137  14:26  Marine x2, Supply Depot  
  139  14:33  Medivac  
  141  14:50  Marine x3  
Tags
 
Add a new tag
Caveats
  • Supply blocks, unpowered buildings, or Contaminate may cause inaccurate times.
  • Supply counts are checked every 10 seconds.